 Dungeon Crawl Stone Soup version 0.22-a0-247-gbddf880 (webtiles) character file.

16 Amnesiac the Skirmisher (level 2, 25/25 HPs)
             Began as a Demigod Wanderer on Feb 25, 2018.
             Quit the game on level 1 of the Dungeon.
             The game lasted 00:01:30 (363 turns).

Amnesiac the Skirmisher (Demigod Wanderer)           Turns: 363, Time: 00:01:31

Health: 25/25      AC:  2    Str: 15    XL:     2   Next: 24%
Magic:  5/6        EV: 12    Int: 15    God:
Gold:   23         SH:  0    Dex: 16    Spells: 0/3 levels left

rFire    . . .     SeeInvis .   c - +0 spear
rCold    . . .     Gourm    .   (no shield)
rNeg     . . .     Faith    .   d - +0 robe
rPois    .         Spirit   .   (no helmet)
rElec    .         Reflect  .   (no cloak)
rCorr    .         Harm     +   (no gloves)
MR       .....                  (no boots)
Stlth    ++........             g - amulet of harm
HPRegen  0.08/turn              (no ring)
MPRegen  0.10/turn              (no ring)

@: no status effects
A: high mp 1
a: no special abilities


You were on level 1 of the Dungeon.
You were not hungry.

You visited 1 branch of the dungeon, and saw 2 of its levels.

You collected 23 gold pieces.

Inventory:

Hand Weapons
 c - a +0 spear (weapon)
 e - a +0 dagger
Armour
 d - a +0 robe (worn)
Jewellery
 g - an amulet of harm (around neck)
Potions
 b - a potion of lignification {!q}
 h - a potion of degeneration {!q, unknown}
 i - a potion of cancellation {!q, unknown}
Comestibles
 a - a ration
 f - 3 chunks of flesh


   Skills:
 - Level 2.6 Fighting
 - Level 1.0 Throwing
 - Level 1.0 Dodging
 - Level 1.7 Stealth
 + Level 1.2 Spellcasting
 * Level 2.5 Conjurations


You couldn't memorise any spells.
You knew the following spells:

 Your Spells              Type           Power        Failure   Level  Hunger
a - Magic Dart            Conj           #...         9%          1    ##.....
v - Blink                 Tloc           N/A          36%         2    ###....


Dungeon Overview and Level Annotations

Branches:
Dungeon (2/15)


Innate Abilities, Weirdness & Mutations

You have an increased reservoir of magic. (+10% MP)


Message History

The magic dart hits the hobgoblin.
You kill the hobgoblin!
Casting: Magic Dart (safe; 9% risk of failure)
Confirm with . or Enter, or press ? or * to list all spells.
You can't see any susceptible monsters within range! (Use Z to cast anyway.)
Casting: Magic Dart (safe; 9% risk of failure)
Confirm with . or Enter, or press ? or * to list all spells.
You can't see any susceptible monsters within range! (Use Z to cast anyway.)
Casting: Magic Dart (safe; 9% risk of failure)
Confirm with . or Enter, or press ? or * to list all spells.
You can't see any susceptible monsters within range! (Use Z to cast anyway.)
You now have 23 gold pieces (gained 11).
A goblin comes into view. It is wielding a club.
A goblin is nearby!
A goblin is nearby!
The goblin shouts!
Casting: Magic Dart (safe; 9% risk of failure)
Confirm with . or Enter, or press ? or * to list all spells.
Aiming: Magic Dart (safe; 9% risk of failure)
Press: ? - help, Shift-Dir - straight line, f - goblin
Aim: a goblin, wielding a club The magic dart hits the goblin.
You kill the goblin!
Casting: Magic Dart (safe; 9% risk of failure)
Confirm with . or Enter, or press ? or * to list all spells.
You can't see any susceptible monsters within range! (Use Z to cast anyway.)
Casting: Magic Dart (safe; 9% risk of failure)
Confirm with . or Enter, or press ? or * to list all spells.
You can't see any susceptible monsters within range! (Use Z to cast anyway.)
Casting: Magic Dart (safe; 9% risk of failure)
Confirm with . or Enter, or press ? or * to list all spells.
You can't see any susceptible monsters within range! (Use Z to cast anyway.)
You see here a club.
A rat comes into view.
A rat is nearby!
Casting: Magic Dart (safe; 9% risk of failure)
Confirm with . or Enter, or press ? or * to list all spells.
Aiming: Magic Dart (safe; 9% risk of failure)
Press: ? - help, Shift-Dir - straight line, f - rat
Aim: a rat (resting)
The magic dart hits the rat.
The rat is severely wounded.
Casting: Magic Dart (safe; 9% risk of failure)
Confirm with . or Enter, or press ? or * to list all spells.
Aiming: Magic Dart (safe; 9% risk of failure)
Press: ? - help, Shift-Dir - straight line, f/p - rat
Aim: a rat (severely wounded)
The magic dart hits the rat.
You kill the rat!
Casting: Magic Dart (safe; 9% risk of failure)
Confirm with . or Enter, or press ? or * to list all spells.
You can't see any susceptible monsters within range! (Use Z to cast anyway.)
Casting: Magic Dart (safe; 9% risk of failure)
Confirm with . or Enter, or press ? or * to list all spells.
You can't see any susceptible monsters within range! (Use Z to cast anyway.) Some of the chunks of flesh in your inventory have rotted away.
You butcher the rat corpse.
f - 3 chunks of flesh (gained 1)
You see here a rat skeleton. x2
A giant cockroach comes into view.
Found a club.
A giant cockroach is nearby!
A giant cockroach is nearby!
Are you sure you want to abandon this character and quit the game? (Confirm with "yes".)

#.#
#..#.......#######
#.# #..#.#######
#.# #..#.#
#.###..#.#######
#......#.#..)..#
#####.##...s...+
#.....##.......#
#.#####........#
#.# #.@#. #.# #..#
#.# #..#########
#.# #...รท.......
#.#####.##########
#..............
#######.######.
#.# #.#


You could see a giant cockroach (sleeping).

Vanquished Creatures
  3 goblins (D:1)
  3 hobgoblins (D:1)
  3 kobolds (D:1)
  A bat (D:1)
  A frilled lizard (D:1)
  4 rats (D:1)
15 creatures vanquished.

Notes
Turn   | Place    | Note
-------+----------+-------------------------------------------
     0 | D:1      | Amnesiac the Demigod Wanderer began the quest for the Orb.
     0 | D:1      | Amnesiac set off with: a ration, a potion of lignification {!q}, a +0 spear, a +0 robe, a +0 dagger
     0 | D:1      | Reached XP level 1. HP: 18/18 MP: 4/4
     2 | D:1      | Learned a level 1 spell: Magic Dart
   112 | D:1      | You fall through a shaft!
   208 | D:1      | Reached XP level 2. HP: 17/25 MP: 1/6
   212 | D:1      | Learned a level 2 spell: Blink
   363 | D:1      | Quit the game

Vault maps used:
D:1:      dpeg_arrival_erosion
D:2:      cheibrodos_fertilizer, dancing_weapons_uskayaw, first_ration,
          uniq_natasha

Skill      XL: |  1 |
---------------+----+-----
Conjurations   | 2 |  2.5
Fighting       | |  2.6
Throwing       | |  1.0
Dodging        | |  1.0
Stealth        | |  1.7
Spellcasting   | |  1.2

Action                   || total
-------------------------++-------
Melee: Spear             ||    11
 Cast: Magic Dart        ||    26
 Stab: Sleeping          ||     1
Dodge: Dodged            ||     3

Table legend:
 A = Spawn XP
 B = Non-spawn XP
 C = Spawn XP percentage of total XP
 D = Spawn monster count
 E = Non-spawn monster count
 F = Spawn count percentage of total count
 G = Total turns spent on level
                    A         B        C        D         E        F      G
               +---------+---------+-------+---------+---------+-------+---------
         Total |       0 |      23 |   0.0 |       0 |      15 |   0.0 |   363
               +---------+---------+-------+---------+---------+-------+---------
           D:1 |       0 |      23 |   0.0 |       0 |      15 |   0.0 |   349
               +---------+---------+-------+---------+---------+-------+---------
